 Dungeon Crawl Stone Soup version 0.24.0-125-gc4c63601f3 (webtiles) character file.

Game seed: 5032845845661501475, levelgen mode: deterministic

93 Lemonice the Insei (level 4, -1/29 HPs)
             Began as an Octopode Transmuter on Feb 25, 2020.
             Succumbed to a kobold's poison
             ... in a sewer.
             The game lasted 00:07:24 (2245 turns).

Lemonice the Insei (Octopode Transmuter)            Turns: 2245, Time: 00:07:25

Health: -1/29      AC:  2    Str:  8 (9)  XL:     4   Next: 61%
Magic:  6/8        EV: 19    Int: 13 (16) God:
Gold:   70         SH:  0    Dex: 14 (17) Spells: 4/8 levels left

rFire    . . .     SeeInvis .     - Unarmed
rCold    . . .     Gourm    .   (shield currently unavailable)
rNeg     . . .     Faith    .   (helmet currently unavailable)
rPois    x         Spirit   .   i - amulet of rage
rElec    .         Reflect  .   (no ring)
rCorr    .         Harm     .   (no ring)
MR       .....                  (no ring)
Stlth    +.........             (no ring)
HPRegen  0.09/turn              (no ring)
MPRegen  0.11/turn              (no ring)
                                (no ring)
                                (no ring)

@: lethally poisoned (-1 -> -24), spider-form (expiring)
A: tiny, almost no armour, stealthy swim, (amphibious), 8 rings, (constrict 8)
a: End Transformation, Evoke Berserk Rage


You were in a sewer.
You were hungry.
You were a venomous arachnid creature.
You visited 1 branch of the dungeon, and saw 3 of its levels.
You also visited: Sewer.

You collected 70 gold pieces.

Inventory:

Hand Weapons
 o - a +0 short sword
Missiles
 a - 27 arrows
Jewellery
 i - an amulet of rage (around neck)
Scrolls
 b - a scroll of teleportation {unknown}
 d - 2 scrolls of remove curse
 g - 2 scrolls of identify {unknown}
 k - a scroll of enchant armour {unknown}
 m - a scroll of noise {unknown}
Potions
 e - a potion of agility {unknown}
 f - a potion of lignification {unknown}
 h - a potion of degeneration
 j - a potion of cancellation {unknown}
 l - a potion of curing {unknown}
 n - a potion of haste
Comestibles
 c - 13 rations


   Skills:
 + Level 2.1 Fighting
 - Level 2.0 Dodging
 + Level 3.6 Unarmed Combat
 + Level 2.7 Spellcasting
 + Level 2.8 Transmutations


You had 4 spell levels left.
You knew the following spells:

 Your Spells              Type           Power        Failure   Level  Hunger
a - Beastly Appendage     Tmut           #.....       19%         1    #......
b - Spider Form           Tmut/Pois      #.........   58%         3    ###....

Your spell library contained the following spells:

 Spells                   Type           Power        Failure   Level  Hunger
 Sticks to Snakes         Tmut           #.......     26%         2    ###....
 Ice Form                 Ice/Tmut       #.......     91%         4    #####..
 Blade Hands              Tmut           #.........   97%         5    ######.


Dungeon Overview and Level Annotations

Branches:
Dungeon (3/15)              Sewer (1/1)

Altars:


Innate Abilities, Weirdness & Mutations

You cannot wear most types of armour.
You are very stealthy in the water. (Stealth+)
((You are amphibious.))
You can wear up to eight rings at the same time.
((You can use your tentacles to constrict eight enemies at once.))
((Your skin changes colour to match your surroundings (Stealth+).))
((Your rubbery body absorbs attacks. (AC +1, EV +1)))


Message History

You hit the kobold but do no damage.
The kobold is poisoned.
* * * LOW HITPOINT WARNING * * *
You feel very sick. The kobold closely misses you.
You hit the kobold.
The kobold looks as sick as possible!
The kobold is severely wounded.
* * * LOW HITPOINT WARNING * * *
You feel sick.
You kill the kobold!
* * * LOW HITPOINT WARNING * * *
You feel sick.
Things that are here:
a +0 short sword; a kobold corpse
o - a +0 short sword
* * * LOW HITPOINT WARNING * * *
You feel sick.
It was a potion of degeneration.
There was something very wrong with that liquid.
You feel weakened.
You feel dopey.
You feel clumsy.
You die...

.≈. ... #.# #≈#
####≈####
####..≈.≈..####
#≈≈≈≈≈≈≈≈≈≈≈≈≈≈
#..(.)..#
###..#s.##
#....#....#
#.∩∩.#.....??.
#....#....####
###########


There were no monsters in sight!

Vanquished Creatures
  An adder (D:2)
  A river rat (D:3)
  An ooze (D:2)
  A leopard gecko (D:1)
  2 ball pythons (D:1)
  3 giant cockroaches
  5 goblins (D:1)
  11 hobgoblins
  7 jackals
  14 kobolds
  7 bats
  5 frilled lizards
  8 rats (D:1)
66 creatures vanquished.

Notes
Turn   | Place    | Note
-------+----------+-------------------------------------------
     0 | D:1      | Lemonice the Octopode Transmuter began the quest for the
                  | Orb.
     0 | D:1      | Reached XP level 1. HP: 13/13 MP: 3/3
   101 | D:1      | Reached XP level 2. HP: 13/18 MP: 3/5
   457 | D:1      | Reached XP level 3. HP: 19/23 MP: 2/6
  1142 | D:2      | Learned a level 3 spell: Spider Form
  1365 | D:2      | Reached XP level 4. HP: 19/29 MP: 3/7
  2198 | D:3      | Found a glowing drain.
  2228 | Sewer    | Entered a sewer
  2244 | Sewer    | HP: 1/29 [poisoned by a kobold]
  2245 | Sewer    | Succumbed to a kobold's poison

Levels and vault maps discovered:
D:1:      dpeg_arrival_shrine, layout_loops_ring, minmay_octomino_c4
D:2:      layout_rooms, kennysheep_generic_room_6
D:3:      layout_loops_ring, portal_sewer_entry_a, first_ration, dk_vineyard_3
Sewer:    sewer_the_crocodile

Skill      XL: |  1  2  3  4 |
---------------+-------------+-----
Fighting       | 2 |  2.1
Dodging        | |  2.0
Unarmed Combat | |  3.6
Spellcasting   | |  2.7
Transmutations | |  2.8

Action                   |  1- 3 |  4- 6 || total
-------------------------+-------+-------++-------
Melee: Unarmed           |    96 |    40 ||   136
       Constrict         |    27 |     7 ||    34
       Tentacles         |    14 |     3 ||    17
       Kick              |    15 |     4 ||    19
       Punch             |       |     1 ||     1
 Cast: Beastly Appendage |    11 |     6 ||    17
       Spider Form       |     1 |     3 ||     4
  Use: Scroll            |       |     1 ||     1
       Potion            |       |     1 ||     1
 Stab: Sleeping          |     4 |     2 ||     6
  Eat: Chunk             |     2 |     2 ||     4
Armor: Skin              |    13 |     5 ||    18
Dodge: Dodged            |    72 |    24 ||    96
